 Dungeon Crawl Stone Soup version 0.21.0 (webtiles) character file.

1216 Leibowitz the Cleaver (level 8, -5/105 HPs)
             Began as a Minotaur Berserker on Jan 7, 2018.
             Was an Elder of Trog.
             Slain by a centaur
             ... wielding a +0 morningstar
              (11 damage)
             ... on level 5 of the Dungeon.
             The game lasted 00:10:42 (3843 turns).

Leibowitz the Cleaver (Minotaur Berserker)          Turns: 3843, Time: 00:10:43

Health: -5/105     AC: 11    Str: 28    XL:     8   Next: 22%
Magic:  7/7        EV: 10    Int:  4    God:    Trog [****..]
Gold:   208        SH:  0    Dex: 11    Spells: 7/7 levels left

rFire    . . .     SeeInvis .   a - +0 hand axe
rCold    . . .     Gourm    .   (no shield)
rNeg     . . .     Faith    .   t - +0 chain mail
rPois    .         Spirit   .   (helmet restricted)
rElec    .         Reflect  .   (no cloak)
rCorr    .         Harm     .   o - +0 pair of gloves
MR       .....                  (no boots)
Stlth    ..........             (no amulet)
HPRegen  0.27/turn              f - ring of stealth
MPRegen  0.10/turn              (no ring)

@: berserking, very quick
A: retaliatory headbutt, horns 2
a: Berserk, Trog's Hand, Brothers in Arms, Burn Spellbooks, Renounce Religion


You were on level 5 of the Dungeon.
You worshipped Trog.
Trog was greatly pleased with you.
You were very hungry.

You visited 1 branch of the dungeon, and saw 5 of its levels.
You also visited: Sewer.

You collected 208 gold pieces.

Inventory:

Hand Weapons
 a - a +0 hand axe (weapon)
Missiles
 j - 2 throwing nets (quivered)
Armour
 o - a +0 pair of gloves (worn)
 t - a +0 chain mail (worn)
Jewellery
 f - a ring of stealth (left hand)
 m - an uncursed ring of teleportation
Scrolls
 e - 3 scrolls of teleportation {unknown}
 h - a scroll of noise {unknown}
 i - 2 scrolls of enchant weapon {unknown}
 q - 2 scrolls of remove curse
 r - a scroll of blinking {unknown}
 s - a scroll of identify
 u - a scroll of summoning {unknown}
 v - a scroll of torment {unknown}
 w - a scroll of fog {unknown}
Potions
 b - 3 potions of resistance
 g - 3 potions of curing {unknown}
 k - a potion of cancellation {unknown}
 n - 2 potions of agility {unknown}
 p - 2 potions of magic {unknown}
 x - a potion of haste {unknown}
Books
 l - a book of Cantrips

   Spells                             Type                      Level
   a - Confusing Touch                Hexes                        1
   b - Animate Skeleton               Necromancy                   1
   c - Summon Small Mammal            Summoning                    1
   d - Apportation                    Translocation                1
   Trog disapproves of the use of such an item.
Comestibles
 c - 8 rations
 d - 2 chunks of flesh


   Skills:
 * Level 6.2 Fighting
 * Level 9.0 Axes
 * Level 6.1 Armour
 * Level 4.2 Dodging


You had 7 spell levels left.
You didn't know any spells.

Dungeon Overview and Level Annotations

Branches:
Dungeon (5/15)
 Temple: D:4-7

Altars:
Hepliaklqana
Makhleb
Nemelex Xobeh
Okawaru
Qazlal
Yredelemnul
The Shining One


Innate Abilities, Weirdness & Mutations

You reflexively headbutt those who attack you in melee.
You have a pair of horns on your head.


Message History

The centaur hits you with an uncursed morningstar.
You slash the centaur!
The centaur is moderately wounded.
The centaur hits you with an uncursed morningstar.
You hit the centaur but do no damage. You headbutt the centaur.
The centaur is heavily wounded.
The centaur hits you with an uncursed morningstar!
* * * LOW HITPOINT WARNING * * *
The centaur hits you with an uncursed morningstar!
* * * LOW HITPOINT WARNING * * *
Okay, then.
A red film seems to cover your vision as you go berserk!
You feel yourself moving faster!
You feel mighty!
You are feeling very hungry.
The centaur hits you with an uncursed morningstar.
* * * LOW HITPOINT WARNING * * *
You slash the centaur!
The centaur is almost dead.
The centaur hits you with an uncursed morningstar!
You die...

.# ### #####.## . #).
<..... # ..## #.#
#..#.##.# .....
#.####..#.... .#
......#.##......# .
....(.c@)..#..#.# # #
......#.).....#.##.# #
..... ######.......# #
#### ####.#### ###
######### #.# #..
###.......###.## ##.#
#.....###.##.#.####...
#.....###.#.###.....P.
#..........## ##....._


You could see a centaur (berserk).

Vanquished Creatures
  Eustachio (D:4)
  The ghost of sour the Slasher, an amateur HuMo (D:3)
  A sky beast (D:5)
  An ice beast (D:5)
  Blork the orc (D:4)
  3 bullfrogs
  A scorpion (D:4)
  An orc priest (D:3)
  5 orc wizards
  3 worker ants
  8 adders
  3 gnolls (D:4)
  An ooze (D:2)
  4 worms
  An adder skeleton (D:4)
  4 dart slugs
  2 leopard geckos
  14 orcs
  11 bats
  7 giant cockroaches
  10 goblins
  7 hobgoblins
  3 jackals (D:1)
  8 kobolds
  A quokka (D:2)
  5 ball pythons
  7 frilled lizards
  11 rats
125 creatures vanquished.

Notes
Turn   | Place    | Note
-------+----------+-------------------------------------------
     0 | D:1      | Leibowitz the Minotaur Berserker began the quest for the Orb.
     0 | D:1      | Reached XP level 1. HP: 19/19 MP: 0/0
    59 | D:1      | Reached XP level 2. HP: 8/27 MP: 1/1
   279 | D:1      | Reached skill level 4 in Axes
   643 | D:1      | Reached ** piety under Trog
   704 | D:1      | Reached XP level 3. HP: 29/33 MP: 2/2
  1093 | D:2      | Found a burning altar of Makhleb.
  1094 | D:2      | Found a hazy altar of Hepliaklqana.
  1108 | D:2      | Reached XP level 4. HP: 41/41 MP: 3/3
  1227 | D:2      | Found a stormy altar of Qazlal.
  1227 | D:2      | Found a sparkling altar of Nemelex Xobeh.
  1665 | D:3      | Noticed a bullfrog
  1674 | D:3      | Reached skill level 5 in Axes
  1681 | D:3      | Killed a bullfrog
  1681 | D:3      | Reached XP level 5. HP: 31/47 MP: 4/4
  1693 | D:3      | Reached *** piety under Trog
  1912 | D:3      | Noticed sour's ghost (amateur HuMo)
  1947 | D:3      | Killed sour's ghost
  1947 | D:3      | Reached skill level 5 in Fighting
  1947 | D:3      | Reached skill level 6 in Axes
  1947 | D:3      | Reached XP level 6. HP: 28/56 MP: 5/5
  2299 | D:3      | Found a glowing golden altar of the Shining One.
  2347 | D:3      | Found an iron altar of Okawaru.
  2470 | D:4      | Noticed Eustachio
  2485 | D:4      | Killed Eustachio
  2485 | D:4      | Reached skill level 7 in Axes
  2485 | D:4      | Reached XP level 7. HP: 57/61 MP: 6/6
  2580 | D:4      | Noticed Blork the orc
  2591 | D:4      | Killed Blork the orc
  2758 | D:4      | Reached skill level 5 in Armour
  3004 | D:5      | Entered Level 5 of the Dungeon
  3109 | D:5      | Found a basalt altar of Yredelemnul.
  3120 | D:5      | Reached skill level 8 in Axes
  3136 | D:5      | Found a glowing drain.
  3161 | Sewer    | Entered a sewer
  3273 | Sewer    | Reached **** piety under Trog
  3613 | Sewer    | Reached XP level 8. HP: 52/70 MP: 7/7
  3838 | D:5      | Reached skill level 9 in Axes
  3843 | D:5      | Slain by a centaur

Skill      XL: |  1  2  3  4  5  6  7  8 |
---------------+-------------------------+-----
Axes           | 4 5 6 7 8 9 |  9.0
Fighting       | 4 5 6 |  6.2
Armour         | 3 4 5 6 |  6.1
Dodging        | 3 4 |  4.2

Action                   |  1- 3 |  4- 6 |  7- 9 || total
-------------------------+-------+-------+-------++-------
Melee: Hand axe          |    99 |   106 |   134 ||   339
       Headbutt          |    12 |    14 |    34 ||    60
Invok: Berserk           |       |     2 |     1 ||     3
  Use: Scroll            |       |     5 |       ||     5
  Eat: Chunk             |       |     7 |     4 ||    11
Armor: Animal skin       |     1 |       |       ||     1
       Ring mail         |    35 |    31 |     9 ||    75
       Chain mail        |       |       |    55 ||    55
Dodge: Dodged            |    51 |    56 |    54 ||   161
